 Dungeon Crawl Stone Soup version 0.30-a0-305-g026cb31310 (webtiles) character file.

Game seed: 10613348021307778687

548 Bnni the Insei (level 7, 0/45 HPs)
             Began as an Octopode Transmuter on Oct 23, 2022.
             Slain by a worm (11 damage)
             ... on level 4 of the Dungeon.
             The game lasted 00:07:16 (3401 turns).

Bnni the Insei (Octopode Transmuter)                Turns: 3401, Time: 00:07:17

Health: 0/45       AC:  1    Str: 10    XL:     7   Next: 28%
Magic:  9/12       EV: 13    Int: 17    God:
Gold:   227        SH:  0    Dex: 12    Spells: 2/12 levels left

rFire   + . .      SeeInvis .      - Unarmed
rCold   . . .      Faith    .    (no shield)
rNeg    . . .      Spirit   .    (helmet restricted)
rPois   .          Reflect  .    l - amulet of the acrobat
rElec   .          Harm     .    o - ring of protection from fire
rCorr   .          Rampage  .    r - ring of willpower
Will    +....                    (no ring)
Stlth   ++........               (no ring)
HPRegen 0.27/turn                (no ring)
MPRegen 0.13/turn                (no ring)
                                 (no ring)
                                 (no ring)

@: wereblooded
A: almost no armour, amphibious, 8 rings, camouflage 1, gelatinous body 1,
(nimble swimmer 1), tentacles
a: no special abilities


You were on level 4 of the Dungeon.
You visited 1 branch of the dungeon, and saw 4 of its levels.

You collected 227 gold pieces.

Inventory:

Armour
 h - a +0 buckler
Jewellery
 l - an amulet of the acrobat (around mantle)
 o - a ring of protection from fire (left tentacle)
 r - a ring of willpower (right tentacle)
Wands
 s - a wand of iceblast (8)
 w - a wand of light (3)
Scrolls
 b - 2 scrolls of enchant armour {unknown}
 c - 2 scrolls of blinking {unknown}
 i - 2 scrolls of butterflies {unknown}
 j - 3 scrolls of identify {unknown}
 k - a scroll of teleportation {unknown}
 p - a scroll of enchant weapon {unknown}
 q - a scroll of silence {unknown}
 x - a scroll of summoning {unknown}
 y - a scroll of noise {unknown}
Potions
 a - 3 potions of lignification
 d - 3 potions of attraction {unknown}
 e - a potion of heal wounds {unknown}
 f - 4 potions of curing {unknown}
 g - a potion of degeneration {unknown}
 m - a potion of experience {unknown}
 n - a potion of berserk rage {unknown}
 t - a potion of mutation {unknown}
 u - 2 potions of might {unknown}
 v - a potion of invisibility {unknown}
 z - a potion of flight {unknown}


   Skills:
 + Level 2.9 Fighting
 - Level 2.0 Dodging
 * Level 5.3 Unarmed Combat
 + Level 3.3 Spellcasting
 * Level 4.7 Transmutations


You had 2 spell levels left.
You knew the following spells:

 Your Spells              Type           Power      Damage    Failure   Level
a - Beastly Appendage     Tmut           36%        N/A       2%          1
b - Wereblood             Tmut           18%        N/A       3%          2
c - Spider Form           Tmut/Pois      10%        N/A       19%         3
d - Ice Form              Ice/Tmut       10%        N/A       54%         4

Your spell library contained the following spells:

 Spells                   Type           Power      Damage    Failure   Level
 Necrotise                Necr           8%         1d4       17%         1
 Blink                    Tloc           4%         N/A       26%         2
 Call Canine Familiar     Summ           2%         N/A       45%         3
 Inner Flame              Hex/Fire       2%         N/A       45%         3
 Portal Projectile        Hex/Tloc       4%         N/A       45%         3
 Vampiric Draining        Necr           2%         2d6       45%         3
 Cause Fear               Hex            1%         N/A       86%         4
 Flame Wave               Conj/Fire      2%         2d4       86%         4
 Leda's Liquefaction      Hex/Erth       1%         N/A       86%         4
 Manifold Assault         Tloc           2%         N/A       86%         4
 Sticky Flame             Conj/Fire      2%         2d3       86%         4
 Agony                    Necr           2%         N/A       99%         5
 Malign Gateway           Summ/Tloc      1%         N/A       100%        7
 Storm Form               Tmut/Air       5%         N/A       100%        7
 Discord                  Hex            1%         N/A       100%        8
 Summon Horrible Things   Summ           1%         N/A       100%        8


Dungeon Overview and Level Annotations

Branches:
Dungeon (4/15)
 Temple: D:4-7

Altars:
Nemelex Xobeh
Ru

Shops:
D:1 [[   D:4 [

Annotations:
D:4 Robin


Innate Abilities, Weirdness & Mutations

You cannot wear most types of armour.
You are amphibious.
You can wear up to eight rings at the same time.
Your skin changes colour to match your surroundings (Stealth+).
Your rubbery body absorbs attacks. (AC +1, EV +1)
((You are camouflaged when in or above water. (Stealth+)))
You have tentacles for arms and can constrict up to eight enemies at once.


Message History

You kill the goblin!
Robin closely misses you. The goblin closely misses you.
Unknown command.
You hit the goblin.
You feel a bit better.
You kill the goblin!
Robin closely misses you.
A black bear comes into view.
Unknown command.
You bite the black bear!
The black bear is poisoned.
The black bear is heavily wounded.
Robin misses you. The black bear closely misses you. x3
Unknown command.
You hit the black bear.
The black bear looks as sick as possible!
The black bear is heavily wounded.
Robin hits you from afar with a +0 spear.
The black bear bites you. The black bear completely misses you.
The black bear claws you.
Unknown command.
You bite the black bear!
You feel a bit better.
You kill the black bear!
Robin hits you from afar with a +0 spear.
Unknown command.
A worm comes into view.
Your transformation has ended.
Robin hits you with a +0 spear. The worm bites you!
* * * LOW HITPOINT WARNING * * *
You see here a +0 dagger.
You are too injured to fight recklessly!
Unknown command.
You are too injured to fight recklessly!
Unknown command.
You tentacle-slap Robin. You grab Robin.
Robin is moderately wounded.
You constrict Robin. Robin hits you with a +0 spear.
* * * LOW HITPOINT WARNING * * *
You tentacle-slap Robin.
Robin is severely wounded.
You constrict Robin. The worm bites you!
You die...

#....#..##
###..## #.
#....##
##..## #.
####.##
##..## ##
###....####
##..####
#........)##
##....#
#####)##.>.#
##....#
#))#####
###.....'
#))#
###......##
##@#
#.......##
......wg#
#.......#
.......g.
#.......##
.........#
#........#
.........#
#........##
........!#
##.........#
.........#
#...........
........##
##..........
###.....###


You could see a worm, Robin and a hobgoblin (strong).

Vanquished Creatures
  Sigmund (D:3)
  A black bear (D:4)
  Crazy Yiuf (D:3)
  Jessica (D:2)
  An iguana (D:3)
  Ijyb (D:3)
  8 adders
  A worm (D:2)
  3 dart slugs
  10 orcs
  9 endoplasms
  4 giant cockroaches
  4 hobgoblins
  6 jackals
  5 quokkas
  3 ball pythons
  6 bats
  2 frilled lizards
  17 goblins
  10 kobolds
  9 rats
103 creatures vanquished.

Vanquished Creatures (others)
  A fungus (D:3)
1 creature vanquished.

Grand Total: 104 creatures vanquished

Notes
Turn   | Place    | Note
-------+----------+-------------------------------------------
     0 | D:1      | Bnni the Octopode Transmuter began the quest for the Orb.
     0 | D:1      | Reached XP level 1. HP: 13/13 MP: 3/3
   137 | D:1      | Reached XP level 2. HP: 8/18 MP: 3/5
   209 | D:1      | Found Vyestac's Armour Emporium.
   253 | D:1      | Learned a level 2 spell: Wereblood
   303 | D:1      | Found Ewkehuss's Antique Armour Boutique.
   645 | D:2      | Reached XP level 3. HP: 23/23 MP: 6/6
   649 | D:2      | Learned a level 3 spell: Spider Form
   669 | D:2      | Found a sparkling altar of Nemelex Xobeh.
   770 | D:2      | Noticed Jessica
   778 | D:2      | Killed Jessica
   920 | D:2      | Reached XP level 4. HP: 26/29 MP: 7/7
  1433 | D:3      | Noticed Sigmund
  1483 | D:3      | Killed Sigmund
  1484 | D:3      | Reached skill level 4 in Unarmed Combat
  1484 | D:3      | Reached XP level 5. HP: 29/35 MP: 5/9
  1484 | D:3      | Reached XP level 6. HP: 34/41 MP: 5/10
  1717 | D:3      | Learned a level 4 spell: Ice Form
  1944 | D:3      | Noticed Ijyb
  2103 | D:3      | Killed Ijyb
  2415 | D:3      | Found a runed translucent door.
  2416 | D:3      | Noticed Crazy Yiuf
  2519 | D:3      | Killed Crazy Yiuf
  2903 | D:4      | Found a sacrificial altar of Ru.
  2950 | D:4      | Reached skill level 5 in Unarmed Combat
  3001 | D:4      | Reached XP level 7. HP: 45/45 MP: 8/11
  3126 | D:4      | Found Siarph's Antique Armour Shop.
  3374 | D:4      | Noticed Robin
  3401 | D:4      | Slain by a worm

Illustrated notes

Levels and vault maps discovered:
D:1:      minmay_arrival_doors, layout_rooms, serial_shops, shop,
          nicolae_shop_statue_plus, dreamdust_wishing_well
D:2:      layout_loops_ring, basic_altar, minmay_diced_spiral, uniq_jessica
D:3:      minmay_recursive_quarters, layout_basic, nrook_mini_vaults,
          minmay_crystal_water, kennysheep_generic_room_10, uniq_sigmund,
          uniq_crazy_yiuf_cottage, uniq_ijyb
D:4:      layout_cave_pods, nicolae_ru_awakened_eye, serial_shops,
          kennysheep_mini, uniq_robin

Skill      XL: |  1  2  3  4  5  6 |
---------------+-------------------+-----
Transmutations | 3 4 |  4.7
Fighting       | 2 |  2.9
Unarmed Combat | 4 5 |  5.3
Spellcasting   | 3 |  3.3
Dodging        | |  2.0

Action                   |  1- 3 |  4- 6 |  7- 9 || total
-------------------------+-------+-------+-------++-------
Melee: Unarmed           |    63 |   123 |    41 ||   227
       Tentacles         |    11 |    18 |     3 ||    32
       Constrict         |    10 |    20 |     3 ||    33
       Kick              |     5 |       |       ||     5
       Punch             |       |     2 |       ||     2
 Cast: Beastly Appendage |     3 |     1 |       ||     4
       Wereblood         |     1 |     2 |     1 ||     4
       Spider Form       |       |     5 |     1 ||     6
 Stab: Sleeping          |     5 |     6 |     2 ||    13
Armor: Skin              |     8 |     4 |     3 ||    15
Dodge: Dodged            |    40 |    92 |    42 ||   174

Table legend: (Time is in decaauts)
 A = Elapsed time spent in this place.
 B = Non-inter-level travel time spent in this place.
 C = Inter-level travel time spent in this place.
 D = Time resting spent in this place.
 E = Time spent auto-exploring this place.
 F = Levels seen in this place.
 G = Mean time per level.
                   A        B        C        D        E       F      G
               +--------+--------+--------+--------+--------+-----+--------+
         Total |   3383 |   3281 |    102 |    194 |   2432 |   4 |  845.8 |
       Dungeon |   3383 |   3281 |    102 |    194 |   2432 |   4 |  845.8 |
               +--------+--------+--------+--------+--------+-----+--------+

Top non-repeatable levels by time:
     D:2: 1017 daAuts
     D:3: 984 daAuts
     D:4: 785 daAuts
     D:1: 597 daAuts
